Map: Terraform LE (Void)

Players

Nina (Lillekanin) - Winner!

  • Race: Terran Terran
  • League: Master

Icky

  • Race: Terran Terran
  • League: Platinum

Event: Lycan League Weekly August #2

VOD

Have the link to the VOD?

Description

Time

  • Played on: Aug. 10, 2015, 12:41 p.m.
  • Length: 5:33

All games in this series

Show
View Real Time Build Order
Export as new Build Order

Nina Terran - Winner!

Build Orders: 1/1/1, Banshee Rush, Siege Tank Drop 

Get SALT Encoding   

  12  0:01  SCV  
  13  0:13  SCV  
  14  0:17  Supply Depot  
  14  0:25  Refinery  
  14  0:28  SCV  
  15  0:42  Barracks  
  15  0:45  SCV  
  16  0:57  SCV  
  17  1:10  SCV  
  18  1:22  SCV  
  19  1:31  Factory  
  19  1:34  Orbital Command  
  19  1:36  Marine  
  19  1:37  Refinery  
  20  1:44  Supply Depot  
  20  1:54  Marine  
  20  2:00  SCV  
  22  2:12  SCV, Marine  
  23  2:17  Hellion  
  25  2:24  Supply Depot  
  25  2:30  Starport, Marine  
  26  2:38  Hellion  
  26  2:43  SCV  
  29  2:48  Marine  
  30  2:55  SCV  
  31  3:00  Hellion  
  33  3:05  Marine  
  33  3:13  Starport Tech Lab  
  33  3:14  SCV  
  34  3:23  Marine  
  34  3:24  Factory Tech Lab  
  34  3:26  SCV  
  36  3:33  Banshee, Cloaking Field  
  39  3:44  Barracks Reactor  
  39  3:47  Supply Depot  
  39  3:58  Command Center, SCV  
  38  4:08  Siege Tank  
  41  4:12  Supply Depot  
  41  4:13  SCV  
  39  4:25  SCV, Medivac  
  39  4:28  Marine  
  39  4:29  Marine  
  44  4:36  Engineering Bay  
  44  4:37  SCV  
  45  4:46  Marine x2  
  45  4:50  SCV  
  48  4:57  Supply Depot  
  48  5:02  SCV  
  49  5:14  SCV  
Show
View Real Time Build Order
Export as new Build Order

Icky Terran 

Build Orders:  

Get SALT Encoding   

  12  0:00  SCV  
  13  0:13  SCV  
  14  0:18  Supply Depot  
  14  0:25  SCV  
  15  0:40  Barracks  
  15  0:45  Refinery  
  15  1:00  SCV  
  15  1:01  Barracks  
  16  1:12  SCV  
  16  1:17  Refinery  
  17  1:24  SCV  
  18  1:29  Reaper  
  19  1:38  Supply Depot  
  19  1:48  Reaper  
  20  2:01  Reaper  
  21  2:20  Reaper, Orbital Command  
  22  2:24  Factory  
  22  2:39  Supply Depot  
  22  2:44  Reaper  
  23  2:52  SCV, Reaper  
  25  3:05  SCV  
  24  3:17  SCV  
  24  3:18  Starport  
  24  3:19  Factory Tech Lab  
  22  3:30  Bunker  
  22  3:32  Reaper x2  
  23  3:37  SCV  
  24  3:50  SCV  
  25  4:02  SCV  
  26  4:03  Banshee, Cloaking Field  
  26  4:05  Widow Mine  
  31  4:15  SCV  
  30  4:28  SCV  
  31  4:34  Factory Reactor  
  31  4:35  Command Center  
  31  4:42  Engineering Bay  
  31  4:46  SCV  
  31  4:49  Raven  
  34  4:58  Supply Depot, SCV  
  32  5:09  Missile Turret  
  32  5:10  SCV  

Tags
 
Add a new tag
Caveats
  • Supply blocks, unpowered buildings, or Contaminate may cause inaccurate times.
  • Supply counts are checked every 10 seconds.